 Dungeon Crawl Stone Soup version 0.19-a0-1886-gd64a0f0 (webtiles) character file.

466 Crabhammer the Chiller (level 7, -4/57 HPs)
             Began as a Naga Ice Elementalist on Oct 16, 2016.
             Slain by a gnoll
             ... wielding a +0 halberd
              (7 damage)
             ... on level 5 of the Dungeon.
             The game lasted 00:16:16 (4602 turns).

Crabhammer the Chiller (Naga Ice Elementalist)      Turns: 4602, Time: 00:16:16

Health: -4/57      AC: 11    Str: 10    XL:     7   Next: 8%
Magic:  10/13      EV:  9    Int: 18    God:
Gold:   206        SH:  4    Dex: 11    Spells: 3 memorised, 8 levels left

rFire  . . .     SeeInvis +       - Unarmed
rCold  . . .     Gourm    .     a - +0 robe
rNeg   . . .     Faith    .     m - +0 buckler
rPois  +         Spirit   .     v - +0 helmet
rElec  .         Dismiss  .     (no cloak)
rCorr  .         Reflect  .     o - +0 pair of gloves
MR     .....     Harm     .     (no barding)
Stlth  ++........               (no amulet)
                                (no ring)
                                (no ring)

@: icy armour, very slow
A: see invisible, deformed body, poison resistance, slowness 2, slow metabolism
1, spit poison 1, AC +2
a: Spit Poison


You were on level 5 of the Dungeon.
You were hungry.

You visited 2 branches of the dungeon, and saw 6 of its levels.

You collected 206 gold pieces.

Inventory:

Armour
 a - a +0 robe (worn)
 m - a +0 buckler (worn)
 o - a +0 pair of gloves (worn)
 p - a +0 ring mail of poison resistance
 t - a +1 leather armour of magic resistance
 v - a +0 helmet (worn)
Magical Staves
 n - an uncursed staff of summoning
Scrolls
 d - 2 scrolls of immolation {unknown}
 e - 5 scrolls of magic mapping {unknown}
 f - 4 scrolls of remove curse {unknown}
 h - a scroll of teleportation {unknown}
 i - 3 scrolls of identify {unknown}
 q - 2 scrolls of blinking {unknown}
 r - a scroll of fog {unknown}
 w - a scroll of noise {unknown}
Potions
 g - 2 potions of agility {unknown}
 j - a potion of brilliance {unknown}
 l - 3 potions of curing {unknown}
 s - a potion of haste {unknown}
Books
 b - a book of Frost

   Spells                             Type                      Level
   a - Freeze                         Ice                          1
   b - Throw Frost                    Conjuration/Ice              2
   c - Ozocubu's Armour               Charms/Ice                   3
   d - Throw Icicle                   Conjuration/Ice              4
   e - Summon Ice Beast               Ice/Summoning                4
Comestibles
 c - 3 bread rations
 k - a slice of pizza
 u - 3 chunks of flesh


   Skills:
 + Level 1.1 Fighting
 - Level 1.5 Dodging
 - Level 3.0 Stealth
 * Level 1.9 Shields
 + Level 1.9 Unarmed Combat
 + Level 4.2 Spellcasting
 - Level 1.0 Conjurations
 + Level 5.3 Ice Magic


You had 8 spell levels left.
You knew the following spells:

 Your Spells              Type           Power        Failure   Level  Hunger
a - Freeze                Ice            ###.         1%          1    None
b - Throw Frost           Conj/Ice       ###...       10%         2    ##.....
c - Ozocubu's Armour      Chrm/Ice       ##......     17%         3    ###....


Dungeon Overview and Level Annotations

Branches:
Dungeon (5/15)             Temple (1/1) D:4

Altars:
Ashenzari
Elyvilon
Fedhas
Gozag
Hepliaklqana
Makhleb
Nemelex Xobeh
Qazlal
Ru
Sif Muna
Trog
Uskayaw
Vehumet
Xom
Yredelemnul
Zin
The Shining One

Shops:
D:4 *


Innate Abilities, Weirdness & Mutations

You cannot wear boots.
Your serpentine skin is tough. (AC +2)
You have supernaturally acute eyesight. (SInv)
Armour fits poorly on your strangely shaped body.
Your system is resistant to poisons. (rPois)
You cover ground very slowly.
You have a slow metabolism.
You can spit poison.


Message History

The gnoll shaman hits you but does no damage.
The gnoll shaman hits you but does no damage.
The gnoll shaman hits you with a whip!
The gnoll hits you from afar with a halberd!
The gnoll hits you from afar with a halberd.
The gnoll shaman hits you with a whip.
Some of the chunks of flesh in your inventory have rotted away.
The gnoll shaman barely misses you.
The gnoll shaman calls upon its god to speed up the gnoll.
The gnoll seems to speed up.
The gnoll closely misses you.
The gnoll hits you from afar with a halberd.
The gnoll hits you from afar with a halberd.
* * * LOW HITPOINT WARNING * * *
The gnoll shaman barely misses you. The gnoll barely misses you.
The gnoll hits you from afar with a halberd!
* * * LOW HITPOINT WARNING * * *
The gnoll shaman closely misses you.
The gnoll hits you from afar with a halberd!
You die...

### #.# #.# #.#
#############
#.###.......gg.@#
#............g###
#.###.#########
#.##.g...#
#.##.....#
#.##.....#
#.#......#
#.#......#
#.#......#


You could see a gnoll shaman and 2 gnolls.

Vanquished Creatures
  A centaur (D:4)
  A centaur zombie (D:5)
  2 orc wizards (D:4)
  2 iguanas (D:4)
  3 worker ants
  A hound skeleton (D:4)
  4 adders
  A gnoll (D:5)
  An adder skeleton (D:4)
  4 worms
  2 dart slugs (D:1)
  3 leopard geckos
  5 orcs (D:4)
  9 bats
  3 giant cockroaches
  7 goblins
  9 hobgoblins
  5 jackals
  A quokka (D:2)
  2 ball pythons
  5 frilled lizards
  10 kobolds
  6 rats
87 creatures vanquished.

Notes
Turn   | Place    | Note
-------+----------+-------------------------------------------
     0 | D:1      | Crabhammer the Naga Ice Elementalist began the quest for the Orb.
     0 | D:1      | Reached XP level 1. HP: 15/15 MP: 3/3
   536 | D:1      | Reached XP level 2. HP: 19/24 MP: 3/5
   840 | D:1      | Learned a level 2 spell: Throw Frost
   967 | D:1      | Reached XP level 3. HP: 30/30 MP: 4/6
  1632 | D:2      | Found a sacrificial altar of Ru.
  1642 | D:2      | Reached skill level 1 in Fighting
  1707 | D:2      | Reached XP level 4. HP: 35/38 MP: 4/8
  1824 | D:2      | Reached skill level 4 in Ice Magic
  2862 | D:3      | Found a basalt altar of Yredelemnul.
  2934 | D:4      | Reached XP level 5. HP: 38/44 MP: 5/9
  3043 | D:4      | Reached skill level 1 in Shields
  3236 | D:4      | Reached skill level 1 in Unarmed Combat
  3243 | D:4      | Learned a level 3 spell: Ozocubu's Armour
  3281 | D:4      | Found a white marble altar of Elyvilon.
  3488 | D:4      | Found Diofet's General Store.
  3508 | D:4      | Found a bloodstained altar of Trog.
  3547 | D:4      | Reached XP level 6. HP: 43/51 MP: 4/11
  3611 | D:4      | Found a staircase to the Ecumenical Temple.
  3621 | Temple   | Entered the Ecumenical Temple
  4062 | D:5      | Entered Level 5 of the Dungeon
  4252 | D:4      | Reached skill level 5 in Ice Magic
  4346 | D:5      | Reached XP level 7. HP: 24/57 MP: 13/13
  4602 | D:5      | Slain by a gnoll

Vault maps used:
D:1:      tarquinn_simple_flora_water_f, st_stairs_6
D:2:      cheibrodos_helix_gallery, nicolae_overflow_crystal_walls,
          serial_forest, infiniplex_forest_lined_2, infiniplex_forest_lined_3,
          infiniplex_forest_lined_2, infiniplex_forest_zigzag_1, st_stairs_6
D:3:      nicolae_overflow_hidden_temple
D:4:      elyvilon_altar_1, serial_forest, infiniplex_forest_clump_C,
          infiniplex_forest_straight_2, infiniplex_forest_lined_room_,
          infiniplex_forest_clump_long, infiniplex_forest_straight_2,
          infiniplex_forest_lined_2, serial_shops, shop_fountains, first_bread,
          bloody_trog
D:5:      chequers_temple_overflow_minitemple, uniq_pikel
Temple:   cyrus_circular_temple

Skill      XL: |  1  2  3  4  5  6 |
---------------+-------------------+-----
Fighting       | 1 |  1.1
Ice Magic      | 4 5 |  5.3
Spellcasting   | 3 4 |  4.2
Shields        | 1 |  1.9
Unarmed Combat | 1 |  1.9
Dodging        | |  1.5
Stealth        | |  3.0
Conjurations   | |  1.0

Action                   |  1- 3 |  4- 6 |  7- 9 || total
-------------------------+-------+-------+-------++-------
Melee: Unarmed           |    81 |   117 |       ||   198
 Cast: Freeze            |    38 |    66 |     8 ||   112
       Throw Frost       |     2 |     7 |     1 ||    10
       Ozocubu's Armour  |       |     5 |     1 ||     6
 Abil: Spit Poison       |    13 |    16 |       ||    29
 Stab: Sleeping          |     1 |     2 |       ||     3
  Eat: Chunk             |     3 |     9 |       ||    12
Armor: Robe              |    34 |    53 |     2 ||    89
Dodge: Dodged            |    76 |    67 |     9 ||   152
Block: Buckler           |       |    25 |     2 ||    27
